 Dungeon Crawl Stone Soup version 0.27.1-34-g3ba077fa99 (webtiles) character file.

Game seed: 9712687601984476008

39 Descartes the Grasshopper (level 3, 0/27 HPs)
             Began as a Formicid Warper on Jan 13, 2022.
             Was a Follower of Fedhas.
             Slain by a gnoll (9 damage)
             ... on level 2 of the Dungeon.
             The game lasted 00:03:50 (1603 turns).

Descartes the Grasshopper (Formicid Warper)         Turns: 1603, Time: 00:03:50

Health: 0/27       AC:  3    Str: 16    XL:     3   Next: 67%
Magic:  6/6        EV: 12    Int: 12    God:    Fedhas [*.....]
Gold:   23         SH:  0    Dex: 16    Spells: 6/6 levels left

rFire    . . .     SeeInvis +   a - +0 mace
rCold    . . .     Faith    .   (no shield)
rNeg     . . .     Spirit   .   b - +0 leather armour
rPois    .         Reflect  .   (helmet unavailable)
rElec    .         Harm     .   (no cloak)
rCorr    .         Rampage  .   (no gloves)
Will     .....                  (no boots)
Stlth    +.........             (no amulet)
HPRegen  0.09/turn              e - +6 ring of dexterity
MPRegen  0.10/turn              (no ring)

@: no status effects
A: permanent stasis, dig shafts and tunnels, antennae 3, four strong arms
a: Dig, Shaft Self, Renounce Religion


You were on level 2 of the Dungeon.
You worshipped Fedhas.
Fedhas was aware of your devotion.
You visited 1 branch of the dungeon, and saw 2 of its levels.

You collected 23 gold pieces.

Inventory:

Hand Weapons
 a - a +0 mace (weapon)
Missiles
 c - 5 boomerangs of dispersal (quivered)
 i - 48 stones
 j - 29 arrows
Armour
 b - a +0 leather armour (worn)
Jewellery
 e - a +6 ring of dexterity (left hand)
Scrolls
 g - a scroll of identify {unknown}
 h - 2 scrolls of fear {unknown}
Potions
 d - 2 potions of brilliance {unknown}
 f - a potion of degeneration {unknown}


   Skills:
 - Level 2.1 Fighting
 + Level 2.4 Maces & Flails
 - Level 1.0 Throwing
 + Level 1.7 Armour
 - Level 1.7 Dodging
 - Level 2.1 Spellcasting
 + Level 0.9 Conjurations
 * Level 3.0 Translocations
 + Level 1.3 Earth Magic
 + Level 0.3 Invocations


You had 6 spell levels left.
You didn't know any spells.
Your spell library contained the following spells:

 Spells                   Type           Power      Damage    Failure   Level
 Gell's Gravitas          Tloc           4%         N/A       28%         3
 Lesser Beckoning         Tloc           4%         N/A       28%         3
 Teleport Other           Tloc           8%         N/A       28%         3
 Manifold Assault         Tloc           8%         N/A       95%         5
 Iskenderun's Battlesphe  Conj           3%         2d6       99%         5
 Iron Shot                Conj/Erth      2%         9d2       100%        6
 Spellforged Servitor     Conj/Summ      1%         N/A       100%        7
 Blink                    Tloc           Unusable   N/A       N/A         2

Dungeon Overview and Level Annotations

Branches:
Dungeon (2/15)

Altars:
Fedhas

Shops:
D:1 :


Innate Abilities, Weirdness & Mutations

You cannot be hasted, slowed, berserked, paralysed or teleported.
You can dig through walls and to a lower floor.
You have a pair of large antennae on your head. (SInv)
Your four strong arms can wield two-handed weapons with a shield.


Message History

A hobgoblin is nearby!
You see here a +0 club.
A gnoll comes into view. It is wielding a +0 flail.
You barely miss the hobgoblin.
The gnoll shouts!
The hobgoblin closely misses you.
A dart slug comes into view.
You barely miss the hobgoblin. The hobgoblin misses you.
The hobgoblin hits you.
You hit the hobgoblin.
The hobgoblin is lightly wounded.
The hobgoblin closely misses you.
You closely miss the hobgoblin.
The hobgoblin is lightly wounded.
The hobgoblin hits you.
A gnoll comes into view. It is wielding a +0 club.
The gnoll shouts!
You hit the hobgoblin.
You kill the hobgoblin!
Fedhas appreciates your contribution to the ecosystem.
The gnoll hits you with a +0 flail!
You barely miss the gnoll.
A gnoll comes into view. It is wielding a +0 club.
The gnoll barely misses you.
The gnoll shouts!
You see here a +0 club.
You hit the gnoll.
The gnoll is moderately wounded.
The gnoll barely misses you.
You closely miss the gnoll.
The gnoll is moderately wounded.
The gnoll misses you. The gnoll barely misses you.
Your leather armour prevents you from hitting the gnoll.
The gnoll is moderately wounded.
The gnoll hits you with a +0 flail!
You closely miss the gnoll.
The gnoll is moderately wounded.
The gnoll hits you with a +0 flail!
You die...
Fedhas appreciates your contribution to the ecosystem.

................##.
....................
###..####.......# .#
..............# .#
#..####....#..# .#
#....#..##.###.
#.....?........ .
{........#..##.##....
...........@gw......
####.#.##.###g......
...#.##.# .......
#####.##.# #...... #.
#.# ...... #.# ......
... ..... .....


You could see 2 gnolls and a dart slug.

Vanquished Creatures
  2 endoplasms (D:1)
  5 giant cockroaches (D:1)
  3 goblins
  5 hobgoblins
  2 quokkas (D:1)
  2 ball pythons (D:1)
  3 bats (D:1)
  3 frilled lizards (D:1)
  5 kobolds
  3 rats (D:1)
33 creatures vanquished.

Notes
Turn   | Place    | Note
-------+----------+-------------------------------------------
     0 | D:1      | Descartes the Formicid Warper began the quest for the Orb.
     0 | D:1      | Reached XP level 1. HP: 16/16 MP: 3/3
    69 | D:1      | Found Cyalluen's Book Shop.
   210 | D:1      | Reached XP level 2. HP: 22/22 MP: 5/5
   609 | D:1      | Reached skill level 1 in Earth Magic
   664 | D:1      | Reached XP level 3. HP: 27/27 MP: 6/6
   952 | D:1      | Found a faded altar of an unknown god.
   960 | D:1      | Became a worshipper of Fedhas Madash
   960 | D:1      | Reached * piety under Fedhas
  1105 | D:1      | Reached skill level 3 in Translocations
  1603 | D:2      | Slain by a gnoll

Illustrated notes

Levels and vault maps discovered:
D:1:      ncdulo_watergridlock, layout_loops_corners, serial_shops,
          nicolae_shop_behind_doors, hellmonk_ecumenical_altar_run_dry,
          supply_closet_lemuel
D:2:      layout_basic, minmay_guardbox

Skill      XL: |  1  2  3 |
---------------+----------+-----
Earth Magic    | 1 |  1.3
Translocations | 3 |  3.0
Fighting       | |  2.1
Maces & Flails | |  2.4
Throwing       | |  1.0
Armour         | |  1.7
Dodging        | |  1.7
Spellcasting   | |  2.1
Conjurations   | |  0.9
Invocations    | |  0.3

Action                   || total
-------------------------++-------
Melee: Mace              ||   106
 Stab: Sleeping          ||     2
Armor: Leather armour    ||    27
Dodge: Dodged            ||    81
